 Dungeon Crawl Stone Soup version 0.17-a0-1831-gaadb308 (webtiles) character file.

329 kae the Carver (level 6, 0/42 HPs)
             Began as a High Elf Fighter on Sept 14, 2015.
             Was a Follower of Qazlal.
             Succumbed to a worker ant's poison
             ... on level 3 of the Dungeon.
             The game lasted 00:04:13 (3364 turns).

kae the Carver (High Elf Fighter)                   Turns: 3364, Time: 00:04:13

Health: 0/42       AC:  7    Str: 15    XL:     6   Next: 25%
Magic:  7/7        EV:  6    Int: 11    God:    Qazlal [*.....]
Gold:   141        SH: 10    Dex: 15    Spells: 0 memorised, 5 levels left

rFire  + . .     SeeInvis .     a - +1 long sword
rCold  + . .     Clarity  .     b - +0 scale mail
rNeg   . . .     SustAt   .     c - +0 shield
rPois  +         Gourm    .     (no helmet)
rElec  +         Spirit   .     (no cloak)
rCorr  +         Warding  .     (no gloves)
rMut   +         Stasis   .     q - +0 pair of boots
MR     .....                    j - amulet of resist mutation
Stlth  ..........               (no ring)
                                o - -3 ring of dexterity (curse)

@: lethally poisoned (0 -> -7), resistant, very slightly contaminated, not
resistant to hostile enchantments, extremely unstealthy
A: no striking features
a: Renounce Religion


You were on level 3 of the Dungeon.
You worshipped Qazlal.
Qazlal was aware of your devotion.
You were not hungry.

You visited 1 branch of the dungeon, and saw 4 of its levels.

You collected 141 gold pieces.

Inventory:

Hand weapons
 a - a +1 long sword (weapon)
Armour
 b - a +0 scale mail (worn)
 c - a +0 shield (worn)
 g - a +2 pair of boots
 q - a +0 pair of boots (worn)
Jewellery
 j - an amulet of resist mutation (around neck)
 o - a cursed -3 ring of dexterity (left hand)
Scrolls
 d - a scroll of recharging {unknown}
 f - a scroll of enchant weapon
 i - a scroll of teleportation
 k - a scroll of identify
Comestibles
 e - 2 bread rations
 m - a meat ration
 n - 4 fruits
 p - a beef jerky


   Skills:
 - Level 3.0 Fighting
 + Level 8.0 Long Blades
 - Level 2.6 Armour
 - Level 2.6 Shields


You had 5 spell levels left.
You didn't know any spells.

Dungeon Overview and Level Annotations

Branches:
Dungeon (4/15)
 Temple: D:4-7

Altars:
Gozag
Makhleb
Nemelex Xobeh
Qazlal
Ru
Trog

Annotations:
D:2 1 exclusion


Message History

You feel protected.
* * * LOW HITPOINT WARNING * * *
You feel sick.
The worker ant bites you but does no damage.
The adder bites you.
* * * LOW HITPOINT WARNING * * *
Read which item? (? for menu, Esc to quit)
Blink to where?
Press: ? - help, Dir - move target cursor You are very lightly contaminated with residual magic.
As you read the scroll of blinking, it crumbles to dust.
* * * LOW HITPOINT WARNING * * *
You feel sick.
* * * LOW HITPOINT WARNING * * *
You feel sick.
* * * LOW HITPOINT WARNING * * *
You feel sick.
* * * LOW HITPOINT WARNING * * *
You feel sick.
You die...

##### ##...## ##########
##.....###........#
#.......##........#####
##.....###............. ###
##...###...........###
..###########.#.#.#.#.#.#.#!#.#.#
#..........So...@.....<.....(((..
..#######a#####)#.#.#.#.#.#.#.#.#
### #...## #.................. #
###S%..## #.#.#.#.#.#.#.#.#.# ##
#).o)#..###.####........#####
.####a##.##.....#####..######
.....†#..####.........##
................#######
...####.####§...##


You could see a worker ant, an adder and an orc.

Vanquished Creatures
  The ghost of PeterLawrence the Cudgeler, an average MiFi (D:3)
  A giant frog skeleton (D:3)
  An orc priest (D:3)
  An orc wizard (D:3)
  A worker ant (D:3)
  4 adders
  2 oozes
  4 worms (D:2)
  7 bats
  2 giant cockroaches
  10 hobgoblins
  A quokka (D:3)
  3 ball pythons
  3 giant geckos
  3 giant newts
  6 goblins
  6 jackals
  10 kobolds
  10 rats
76 creatures vanquished.

Notes
Turn   | Place    | Note
--------------------------------------------------------------
     0 | D:1      | kae the High Elf Fighter began the quest for the Orb.
     0 | D:1      | Reached XP level 1. HP: 16/16 MP: 2/2
   211 | D:1      | Reached XP level 2. HP: 17/21 MP: 3/3
   723 | D:1      | Found a sparkling altar of Nemelex Xobeh.
   900 | D:1      | Reached skill level 4 in Long Blades
  1022 | D:2      | Reached XP level 3. HP: 21/26 MP: 4/4
  1302 | D:2      | Found a stormy altar of Qazlal.
  1328 | D:2      | Became a worshipper of Qazlal Stormbringer
  1352 | D:2      | Reached skill level 5 in Long Blades
  1482 | D:2      | Reached XP level 4. HP: 15/31 MP: 5/5
  1991 | D:2      | Noticed a moth of wrath
  1994 | D:2      | Found a bloodstained altar of Trog.
  2266 | D:3      | Found a sacrificial altar of Ru.
  2271 | D:3      | Noticed PeterLawrence's ghost (average MiFi)
  2285 | D:3      | Killed PeterLawrence's ghost
  2285 | D:3      | Reached skill level 6 in Long Blades
  2285 | D:3      | Reached XP level 5. HP: 13/36 MP: 6/6
  2503 | D:3      | Found a burning altar of Makhleb.
  2574 | D:3      | Reached skill level 7 in Long Blades
  2972 | D:3      | Found an opulent altar of Gozag.
  2997 | D:3      | Reached XP level 6. HP: 35/42 MP: 7/7
  3118 | D:3      | Acquired Qazlal's first power
  3351 | D:3      | Reached skill level 8 in Long Blades
  3361 | D:3      | HP: 2/42 [poisoned by a worker ant]
  3364 | D:3      | Succumbed to a worker ant's poison

Vault maps used:
D:1:      ncdulo_lavacross, nemelex_diamond_rough_becter
D:2:      tgw_trog, grunt_qazlal_sundering
D:3:      old_standard_altar, lightli_temple_of_fire, lemuel_crystal_altar,
          first_bread, st_stairs_13
D:4:      serial_shops, shop, minmay_misc_feat_square, grunt_ministairs_12

Action                   |  1- 3 |  4- 6 || total
-------------------------+-------+-------++-------
Melee: Long sword        |   148 |   139 ||   287
  Use: Potion            |       |     2 ||     2
       Scroll            |       |     6 ||     6
  Eat: Chunk             |     2 |     5 ||     7
       Bread ration      |       |     1 ||     1
